[Event "Early Titled Tuesday Blitz | February 8 2022"]
[White "De Souza, Cristiano Gomes"]
[Black "Dzhaparov, Medet"]
[WhiteFideId "2151758"]
[BlackFideId "13803689"]
[WhiteElo "2068"]
[BlackElo "1702"]
[Result "1-0"]
[Round "02"]
[TimeControl "180+1"]
[Date "2022.02.08"]
[WhiteClock "0:01:28"]
[BlackClock "0:01:15"]

1. d4 Nf6 2. c4 g6 3. Nc3 d5 4. Bf4 Bg7 5. Nf3 O-O 6. e3 Bg4 7. Rc1 Nc6 8. h3 Bxf3 9. Qxf3 e6 10. Bd3 Nb4 11. Be2 c6 12. a3 Na6 13. O-O Nh5 14. Bh2 Nc7 15. b4 Re8 16. Rfd1 Nf6 17. g4 dxc4 18. Bxc4 Nfd5 19. Ne4 b5 20. Ba2 Re7 21. Rxc6 Qd7 22. Rdc1 f5 23. gxf5 exf5 24. Rxc7 Qxc7 25. Rxc7 fxe4 26. Bxd5+ Kh8 27. Qg4 Rxc7 28. Bxc7 Rf8 29. Be5 Bxe5 30. dxe5 Kg7 31. e6 Kf6 32. Qf4+ Ke7 33. Qc7+ Kf6 34. e7 Re8 35. Qd6+ Kg7 36. Bc6 1-0


[Site "https://www.chess.com"]

[Event "Early Titled Tuesday Blitz | February 8 2022"]
[White "Deac, Bogdan-Daniel"]
[Black "Aditya Mittal"]
[WhiteFideId "1226380"]
[BlackFideId "35042025"]
[WhiteElo "2646"]
[BlackElo "2287"]
[Result "1-0"]
[Round "02"]
[TimeControl "180+1"]
[Date "2022.02.08"]
[WhiteClock "0:00:10"]
[BlackClock "0:00:02"]

1. d4 Nf6 2. c4 e6 3. Nf3 d5 4. g3 dxc4 5. Bg2 a6 6. O-O Nc6 7. Qc2 Nxd4 8. Nxd4 Qxd4 9. Nd2 c3 10. bxc3 Qg4 11. Ne4 Nxe4 12. Bxe4 Bd6 13. c4 Qh5 14. Be3 O-O 15. Rab1 c6 16. c5 Bc7 17. f4 f5 18. Bf3 Qf7 19. Bd4 Rb8 20. e4 Bd7 21. Qc3 Rfd8 22. Rfe1 h6 23. Rb2 Kh7 24. Rbe2 Re8 25. Kg2 g5 26. exf5 exf5 27. Bf6 g4 28. Re7 gxf3+ 29. Qxf3 Rxe7 30. Rxe7 Qxe7 31. Bxe7 Re8 32. Bf6 Be6 33. Qh5 Rf8 34. Bg5 Bd5+ 35. Kh3 Bf7 36. Qxh6+ Kg8 37. Bf6 1-0


[Site "https://www.chess.com"]

[Event "Early Titled Tuesday Blitz | February 8 2022"]
[White "Decuigniere, Tom"]
[Black "Silich, Yahor"]
[WhiteFideId "26093820"]
[BlackFideId "13513656"]
[WhiteElo "1997"]
[BlackElo "2101"]
[Result "1-0"]
[Round "02"]
[TimeControl "180+1"]
[Date "2022.02.08"]
[WhiteClock "0:00:05"]
[BlackClock "0:00:01"]

1. c4 Nf6 2. Nc3 g6 3. e4 d6 4. d4 Bg7 5. Nf3 O-O 6. Be2 Nc6 7. O-O e5 8. d5 Ne7 9. Ne1 Nd7 10. Be3 f5 11. f3 f4 12. Bf2 g5 13. Rc1 Ng6 14. c5 Nxc5 15. b4 Na6 16. Nb5 Rf7 17. Nd3 Bf8 18. a4 h5 19. Kh1 Rg7 20. Nxa7 b6 21. Nxc8 Qxc8 22. Bxb6 Rb8 23. a5 Nh4 24. b5 Rxb6 25. axb6 Nc5 26. Nxc5 dxc5 27. bxc7 g4 28. d6 Nxg2 29. d7 Rxd7 30. Qb3+ Kh8 31. Kxg2 Rd2 32. Rfe1 c4 33. Rxc4 Bd6 34. Rc2 gxf3+ 35. Qxf3 Rxc2 36. Qxh5+ Kg7 37. b6 Rb2 38. Rd1 Rxb6 39. Qg4+ Qxg4+ 40. Bxg4 Rb2+ 41. Kh3 Bxc7 42. Rd7+ Kf6 43. Rxc7 Kg5 44. Rg7+ Kf6 45. Rg8 Rc2 46. Re8 Rd2 47. Re6+ Kf7 48. Rxe5 1-0


[Site "https://www.chess.com"]

[Event "Early Titled Tuesday Blitz | February 8 2022"]
[White "Demchenko, Anton"]
[Black "Jaskolka, Tomasz"]
[WhiteFideId "4160258"]
[BlackFideId "1170791"]
[WhiteElo "2539"]
[BlackElo "2054"]
[Result "1-0"]
[Round "02"]
[TimeControl "180+1"]
[Date "2022.02.08"]
[WhiteClock "0:00:05"]
[BlackClock "0:00:02"]

1. e4 e6 2. d4 d5 3. Nd2 Nf6 4. e5 Nfd7 5. c3 c5 6. Ngf3 Nc6 7. Be2 cxd4 8. cxd4 Be7 9. O-O a5 10. Re1 g5 11. h3 h5 12. Nf1 g4 13. hxg4 hxg4 14. N3h2 f5 15. exf6 Nxf6 16. Nxg4 Nxg4 17. Bxg4 Bb4 18. Re3 Qf6 19. Rd3 Bd7 20. Bd2 Bd6 21. Rc1 O-O-O 22. Bxa5 Rdf8 23. Be1 Rh7 24. Bh3 Kb8 25. a3 Rg8 26. Ng3 Rxh3 27. gxh3 e5 28. Rxc6 Bxc6 29. dxe5 Qxe5 30. Bc3 d4 31. Bxd4 Qe4 32. Kf1 Qg2+ 33. Ke2 Re8+ 34. Kd2 Bf4+ 35. Kc2 Ba4+ 36. b3 Rc8+ 37. Rc3 Rxc3+ 38. Bxc3 Qxf2+ 39. Ne2 Bb5 40. Qd8+ Ka7 41. Bd4+ 1-0


[Site "https://www.chess.com"]

[Event "Early Titled Tuesday Blitz | February 8 2022"]
[White "Demin, Vladimir"]
[Black "Sychev, Klementy"]
[WhiteFideId "4167457"]
[BlackFideId "4114060"]
[WhiteElo "2495"]
[BlackElo "2564"]
[Result "0-1"]
[Round "02"]
[TimeControl "180+1"]
[Date "2022.02.08"]
[WhiteClock "0:00:20"]
[BlackClock "0:00:17"]

1. d4 g6 2. e4 Bg7 3. Nc3 a6 4. a4 d6 5. h4 h6 6. Be3 Nc6 7. Qd2 Nf6 8. f3 Bd7 9. Nge2 e5 10. dxe5 dxe5 11. Nc1 Be6 12. Nd3 Nh5 13. Bf2 b6 14. O-O-O Nf6 15. g4 Qe7 16. Be3 O-O-O 17. Qf2 Nd7 18. Be2 Nd4 19. Nxe5 Nxe2+ 20. Qxe2 Nxe5 21. Qxa6+ Kb8 22. Nb5 Nc6 23. Bf4 Bc8 24. Qxb6+ Bb7 25. Bxc7+ Ka8 26. Bxd8 Rxd8 27. Rxd8+ Qxd8 28. Qxd8+ Nxd8 29. Rd1 Bf6 30. Rd7 Bc6 31. Rd3 Kb8 32. f4 Bxe4 33. Re3 Bc6 34. g5 hxg5 35. hxg5 Bg7 36. b3 Ne6 37. Rh3 Nxf4 38. Rh7 Ne6 39. c3 Be4 40. a5 Bc6 41. c4 Kb7 42. b4 Ka6 43. Nd6 Bf3 44. Nxf7 Be2 45. Nd8 Nxd8 46. Rxg7 Bd3 47. Rxg6+ Bxg6 48. Kb2 Ne6 49. Kc3 Bf5 50. c5 Kb5 51. Kb3 Be4 52. Kc3 Bg6 53. Kb3 Nxg5 54. a6 Kxa6 55. Kc4 Bf7+ 56. Kd4 Kb5 57. Ke5 Bc4 58. Kd6 Ne4+ 59. Ke5 Nc3 60. Kd6 Na4 61. c6 Kb6 62. c7 Kb7 63. Kd7 Nb6+ 64. Kd8 Bb5 65. Ke7 Kxc7 66. Ke6 Kc6 67. Ke5 Bc4 68. Kd4 Kb5 69. Kc3 Nd5+ 70. Kd4 Nxb4 71. Kc3 Nc6 72. Kd2 Kc5 73. Ke3 Kd5 74. Kf4 Bd3 75. Ke3 Be4 76. Kf4 Kd4 77. Kg5 Ke5 78. Kg4 Nd4 79. Kg5 Ne2 80. Kg4 Bd5 81. Kg5 Bf7 82. Kh6 Kf6 83. Kh7 Nf4 84. Kh6 Ng6 85. Kh7 Bd5 86. Kh6 Bg8 87. Kh5 Ne5 88. Kh4 Kf5 89. Kg3 Ng4 90. Kf3 Bc4 91. Kg3 Be2 92. Kh4 Kf4 93. Kh5 Bd3 94. Kh4 Bg6 95. Kh3 Ne3 96. Kh4 Ng2+ 97. Kh3 Kf3 98. Kh2 Kf2 99. Kh3 Bf5+ 100. Kh2 Ne1 101. Kh1 Bg4 102. Kh2 Be6 103. Kh1 Bc4 104. Kh2 Bf1 105. Kh1 Bg2+ 106. Kh2 Nf3# 0-1


[Site "https://www.chess.com"]

[Event "Early Titled Tuesday Blitz | February 8 2022"]
[White "Derraugh, Geordie"]
[Black "Zubov, Alexander"]
[WhiteFideId "2603950"]
[BlackFideId "14109409"]
[WhiteElo "2116"]
[BlackElo "2685"]
[Result "0-1"]
[Round "02"]
[TimeControl "180+1"]
[Date "2022.02.08"]
[WhiteClock "0:00:06"]
[BlackClock "0:01:17"]

1. e4 e5 2. Nf3 Nc6 3. Bc4 Bc5 4. d3 Nf6 5. c3 d6 6. O-O a6 7. h3 Ba7 8. b4 h6 9. Be3 O-O 10. Nbd2 Ne7 11. d4 exd4 12. cxd4 d5 13. e5 Ne4 14. Bd3 Bf5 15. Qc2 Nxd2 16. Nxd2 Qd7 17. f4 h5 18. Nf3 Bxd3 19. Qxd3 Qf5 20. Qc3 c6 21. Nh4 Qe4 22. Rae1 Nf5 23. Bf2 Qxf4 24. Be3 Qxd4 25. Bxd4 Bxd4+ 26. Qxd4 Nxd4 27. Nf5 Nxf5 28. Rxf5 g6 29. Rf6 Rae8 30. g4 hxg4 31. hxg4 Re6 32. Rf2 Rfe8 33. Ref1 R8e7 0-1


[Site "https://www.chess.com"]

[Event "Early Titled Tuesday Blitz | February 8 2022"]
[White "Dilmukhametov, Artur"]
[Black "Komissarov, Alexey"]
[WhiteFideId "24179922"]
[BlackFideId "4176545"]
[WhiteElo "2266"]
[BlackElo "2216"]
[Result "1-0"]
[Round "02"]
[TimeControl "180+1"]
[Date "2022.02.08"]
[WhiteClock "0:01:16"]
[BlackClock "0:00:02"]

1. e4 e5 2. Nf3 Nc6 3. d4 exd4 4. Nxd4 d5 5. Nxc6 bxc6 6. exd5 Nf6 7. Bd3 Qxd5 8. O-O Bd6 9. Nc3 Qa5 10. h3 O-O 11. Qf3 Rb8 12. Re1 c5 13. Bd2 Bb7 14. Qd1 c4 15. Bxc4 Qc5 16. Bd3 Rfd8 17. Qe2 Bc6 18. b3 Re8 19. Qf1 1-0


[Site "https://www.chess.com"]

[Event "Early Titled Tuesday Blitz | February 8 2022"]
[White "Domingo Nunez, Alejandro"]
[Black "Srihari L R"]
[WhiteFideId "22245561"]
[BlackFideId "46617116"]
[WhiteElo "2215"]
[BlackElo "2121"]
[Result "0-1"]
[Round "02"]
[TimeControl "180+1"]
[Date "2022.02.08"]
[WhiteClock "0:00:18"]
[BlackClock "0:01:14"]

1. c4 e5 2. Nc3 d6 3. g3 f5 4. Bg2 Nf6 5. e3 Be7 6. Nge2 O-O 7. d4 Kh8 8. b4 c6 9. a4 e4 10. Rb1 d5 11. cxd5 cxd5 12. Qb3 Be6 13. Ba3 Nc6 14. O-O a5 15. Na2 axb4 16. Nxb4 Na5 17. Qc2 Nc4 18. Bc1 Qa5 19. Nf4 Bg8 20. Nbxd5 Nxd5 21. Rb5 Qc3 22. Qb1 Nxf4 23. gxf4 Nd6 24. Bb2 Qc7 25. Rc5 Qd7 26. Rfc1 Rfc8 27. Bf1 b6 28. R5c2 Rxc2 29. Qxc2 Qxa4 30. Qc7 Qa7 31. d5 Qxc7 32. Rxc7 Bf6 33. Bxf6 gxf6 34. Rc6 Rd8 35. Rxb6 Bxd5 36. Bh3 Bc4 37. Rb2 Rg8+ 38. Kh1 Bd3 39. Rb6 Be2 40. Bg2 Nc4 41. h4 Nxb6 0-1


[Site "https://www.chess.com"]

[Event "Early Titled Tuesday Blitz | February 8 2022"]
[White "Dounis, Alexandros"]
[Black "Mosutha, Thuso"]
[WhiteFideId "4213238"]
[BlackFideId "11302550"]
[WhiteElo "2195"]
[BlackElo "2028"]
[Result "1-0"]
[Round "02"]
[TimeControl "180+1"]
[Date "2022.02.08"]
[WhiteClock "0:00:52"]
[BlackClock "0:00:02"]

1. Nf3 Nf6 2. g3 d5 3. Bg2 Bf5 4. O-O e6 5. d3 c5 6. c4 Be7 7. Nh4 Bg6 8. Nxg6 hxg6 9. Nc3 Nc6 10. cxd5 Nxd5 11. Nxd5 exd5 12. Qb3 Nd4 13. Qxb7 Nxe2+ 14. Kh1 Nxc1 15. Raxc1 O-O 16. Qxd5 Qb6 17. b3 Rad8 18. Qe4 Bf6 19. Rfe1 Qa5 20. Re2 Rd4 21. Qe3 Rfd8 22. h4 Rxd3 23. Qxc5 Rd1+ 24. Kh2 Qxc5 25. Rxc5 R1d2 26. Rc2 Rd1 27. Be4 Rf1 28. Kg2 Ra1 29. Rc7 a5 30. Ra7 Bc3 31. Rc2 Bb4 32. Rcc7 Rxa2 33. Rxf7 Bc3 34. Bxg6 Bf6 35. h5 Rf8 36. Rxf8+ Kxf8 37. h6 gxh6 38. Rf7+ Kg8 39. Rxf6 Kg7 40. Rb6 a4 41. bxa4 Rxa4 42. Bd3 Ra3 43. Be2 Ra2 44. Bf3 Ra3 45. g4 Ra4 46. Kg3 Kh7 47. Rc6 Kg7 48. Bd5 Ra3+ 49. f3 Ra4 50. Be4 Ra5 51. Rg6+ Kf7 52. Rxh6 Kg7 53. Rh5 1-0


[Site "https://www.chess.com"]

[Event "Early Titled Tuesday Blitz | February 8 2022"]
[White "Dovbnia, Nikita"]
[Black "Manukian, Artak"]
[WhiteFideId "54104599"]
[BlackFideId "13301373"]
[WhiteElo "2111"]
[BlackElo "2430"]
[Result "1-0"]
[Round "02"]
[TimeControl "180+1"]
[Date "2022.02.08"]
[WhiteClock "0:00:51"]
[BlackClock "0:01:54"]

1. Nf3 g6 2. g3 Bg7 3. Bg2 d5 4. O-O Nf6 5. d4 O-O 6. b3 Bf5 7. Bb2 c6 8. e3 a5 9. a4 Na6 10. Nbd2 Nb4 11. Rc1 Ne4 12. Nh4 Nxd2 13. Qxd2 Be4 14. f3 Bf5 15. Nxf5 gxf5 16. c3 Na6 17. Ba3 Re8 18. f4 e6 19. Kh1 Bf8 20. Bxf8 Rxf8 21. Rg1 Kh8 22. Bf1 Rg8 23. Bd3 Rg7 24. Rg2 Nc7 25. Rcg1 Qf6 26. g4 fxg4 27. Rxg4 Rag8 28. Qe2 Ne8 29. Qf3 Nd6 30. Qh3 Rxg4 31. Qxh7# 1-0


[Site "https://www.chess.com"]

[Event "Early Titled Tuesday Blitz | February 8 2022"]
[White "Dylag, Emilia"]
[Black "Petesch, Gabriel"]
[WhiteFideId "21805172"]
[BlackFideId "2032465"]
[WhiteElo "1932"]
[BlackElo "2374"]
[Result "1-0"]
[Round "02"]
[TimeControl "180+1"]
[Date "2022.02.08"]
[WhiteClock "0:00:06"]
[BlackClock "0:00:01"]

1. e4 e6 2. d3 d5 3. Nd2 dxe4 4. dxe4 Nf6 5. g3 c5 6. Bg2 Nc6 7. Ngf3 Be7 8. O-O O-O 9. c3 Qc7 10. Re1 b6 11. e5 Nd7 12. Qe2 Bb7 13. h4 Rfe8 14. Nf1 Rac8 15. Bf4 b5 16. h5 c4 17. N1h2 Nc5 18. Rad1 Nd3 19. Rf1 Rcd8 20. Ng4 Nb8 21. h6 g6 22. Nd4 Bxg2 23. Kxg2 Nxf4+ 24. gxf4 Nc6 25. Qe4 Rd5 26. Ne3 Rc5 27. Ng4 a5 28. a3 b4 29. axb4 axb4 30. Ne3 bxc3 31. bxc3 Nxd4 32. cxd4 Ra5 33. d5 exd5 34. Nxd5 Qc5 35. f5 c3 36. fxg6 hxg6 37. e6 Bg5 38. h7+ Kxh7 39. Rh1+ Kg7 40. Qe5+ f6 41. Qh2 Rg8 42. Qh7+ 1-0


[Site "https://www.chess.com"]

[Event "Early Titled Tuesday Blitz | February 8 2022"]
[White "FGHSMN"]
[Black "Jakubowski, Krzysztof"]
[BlackFideId "1112848"]
[WhiteElo "2778"]
[BlackElo "2365"]
[Result "0-1"]
[Round "02"]
[TimeControl "180+1"]
[Date "2022.02.08"]
[WhiteClock "0:00:10"]
[BlackClock "0:00:14"]

1. d4 Nf6 2. Nf3 e6 3. Bf4 b6 4. e3 Bb7 5. Bd3 c5 6. c3 Be7 7. h3 O-O 8. Nbd2 cxd4 9. exd4 d6 10. O-O Nbd7 11. Qe2 Qc7 12. Rfe1 a6 13. a4 Rfe8 14. Bh2 Bf8 15. Nc4 Nd5 16. Qe4 g6 17. Qh4 N7f6 18. Ng5 Rad8 19. Ne5 dxe5 20. dxe5 Nh5 21. g4 h6 22. gxh5 hxg5 23. Qxg5 Ne7 24. hxg6 Rxd3 25. gxf7+ Kxf7 26. Qf6+ Kg8 27. Qxe6+ Kh8 28. Qg4 Qc6 29. Qh5+ Kg8 30. Qg4+ Bg7 31. Kf1 Rf8 32. Bg3 Nf5 33. Bf4 Rf3 34. Re2 Qc4 35. Bh2 Qxg4 36. hxg4 Nh6 37. g5 Ng4 38. Bg1 Nxe5 39. Rd1 R3f5 40. Bh2 Bf3 41. Red2 Bxd1 42. Rxd1 Ng4 43. Kg1 Nxh2 44. Kxh2 Rxf2+ 45. Kg3 Rxb2 46. Rd7 Rb3 47. Kg4 b5 48. Kh5 Rxc3 49. axb5 axb5 50. Rb7 Rc5 51. Kg6 Rc6+ 52. Kh5 Rfc8 53. Rxb5 Kf7 54. Rb7+ R8c7 55. Rb1 Rc5 56. Rf1+ Kg8 57. Kg6 R7c6+ 58. Kh5 Bf6 59. Rb1 Rxg5+ 60. Kh4 Rg1+ 61. Kh5 Rxb1 62. Kg6 Bg7+ 63. Kf5 Rb5+ 64. Ke4 Rc4+ 65. Kd3 Rh4 66. Kd2 Rg5 67. Kd3 Rg3+ 68. Ke2 Rh2+ 69. Kf1 Ra2 70. Ke1 Rb3 71. Kd1 Rb1# 0-1


[Site "https://www.chess.com"]

[Event "Early Titled Tuesday Blitz | February 8 2022"]
[White "Fawzy, Adham"]
[Black "Vlassov, Nikolai"]
[WhiteFideId "10613129"]
[BlackFideId "4103360"]
[WhiteElo "2510"]
[BlackElo "2407"]
[Result "1-0"]
[Round "02"]
[TimeControl "180+1"]
[Date "2022.02.08"]
[WhiteClock "0:00:25"]
[BlackClock "0:00:04"]

1. e4 Nc6 2. Nf3 d5 3. exd5 Qxd5 4. Nc3 Qa5 5. g3 Nh6 6. Bg2 Bg4 7. h3 Bh5 8. d3 O-O-O 9. O-O e5 10. Bd2 Bg6 11. Re1 Nf5 12. a3 Qc5 13. b4 Qd6 14. b5 Ncd4 15. Nxe5 f6 16. Nc4 Qd7 17. Na5 Nd6 18. Bf4 N4xb5 19. Nxb5 Qxb5 20. Nxb7 Nxb7 21. Rb1 Qh5 22. Rxb7 Qxd1 23. Rxc7+ Kb8 24. Rxd1 Bd6 25. Rb7+ Kc8 26. Bxd6 Rxd6 27. Rdb1 Rhd8 28. Rxa7 R6d7 29. Ra8+ Kc7 30. Rb7+ Kd6 31. Rxd8 Rxd8 32. a4 Rc8 33. Rb2 Bf7 34. a5 Rc3 35. a6 Ra3 36. Bb7 Kc5 37. c4 Bg6 38. Rd2 Kd4 39. Kg2 Ra1 40. g4 Kc3 41. Re2 Bxd3 42. Re7 Bxc4 43. Rxg7 Bd3 44. Rc7+ Kb4 45. Rf7 Bf1+ 46. Kg3 Ra3+ 47. f3 Bxa6 48. Bxa6 Rxa6 49. Rxh7 Kc5 50. Rh6 Kd5 51. g5 Ra1 52. Rxf6 Rg1+ 53. Kf4 Rh1 54. Kg4 Rg1+ 55. Kh5 Ke5 56. h4 1-0


[Site "https://www.chess.com"]

[Event "Early Titled Tuesday Blitz | February 8 2022"]
[White "Fier, Alexandr"]
[Black "Chigaev, Maksim"]
[WhiteFideId "2107139"]
[BlackFideId "4108116"]
[WhiteElo "2569"]
[BlackElo "2502"]
[Result "1-0"]
[Round "02"]
[TimeControl "180+1"]
[Date "2022.02.08"]
[WhiteClock "0:01:39"]
[BlackClock "0:00:04"]

1. d4 Nf6 2. Bg5 g6 3. Bxf6 exf6 4. e3 d5 5. g3 h5 6. h4 c6 7. Bg2 Bg4 8. Ne2 Bd6 9. Nd2 Nd7 10. c4 dxc4 11. Nxc4 Bb4+ 12. Kf1 Nb6 13. Qb3 Nxc4 14. Qxb4 Bxe2+ 15. Kxe2 Nb6 16. Rhc1 Qe7 17. Qxe7+ Kxe7 18. Rc5 Rhd8 19. b4 a6 20. a4 f5 21. Kd3 Nd7 22. Rc3 Kd6 23. Rb3 Kc7 24. Rc1 Nb6 25. b5 Nxa4 26. bxc6 b5 27. d5 Ra7 28. Kd4 Kd6 29. f3 Re8 30. e4 Rc7 31. Re3 f6 32. Rce1 Rce7 33. exf5 Rxe3 34. Rxe3 Rxe3 35. Kxe3 gxf5 36. g4 b4 37. gxh5 b3 38. Kd2 b2 39. Kc2 Nc3 40. Kxb2 Nxd5 41. h6 Nf4 42. h5 1-0


[Site "https://www.chess.com"]

[Event "Early Titled Tuesday Blitz | February 8 2022"]
[White "Flis, Pawel"]
[Black "Berezin, Viktor"]
[WhiteFideId "1112864"]
[BlackFideId "14107872"]
[WhiteElo "1735"]
[BlackElo "2310"]
[Result "0-1"]
[Round "02"]
[TimeControl "180+1"]
[Date "2022.02.08"]
[WhiteClock "0:00:06"]
[BlackClock "0:00:17"]

1. e4 d5 2. exd5 Nf6 3. d4 Bg4 4. Nf3 Qxd5 5. Be2 Nbd7 6. O-O e6 7. c4 Qa5 8. Nc3 c6 9. h3 Bh5 10. Ne5 Nxe5 11. dxe5 Qxe5 12. Bxh5 Qxh5 13. Qb3 O-O-O 14. Be3 Bc5 15. Bxc5 Qxc5 16. Rad1 e5 17. Na4 Qa5 18. a3 Qc7 19. Qe3 Kb8 20. b4 Rhe8 21. Nc5 Nd7 22. Ne4 f5 23. Nd6 Rf8 24. c5 e4 25. Qg5 Ne5 26. Rb1 h6 27. Qf4 Nd3 28. Qe3 g5 29. b5 Nxc5 30. Qxc5 Qxd6 31. Qxa7+ Kxa7 32. b6+ Kb8 33. a4 e3 34. a5 exf2+ 35. Rxf2 f4 36. a6 bxa6 37. Ra2 Kb7 38. Rba1 Qc5+ 39. Kh2 Qxb6 40. Re1 f3 41. gxf3 Rxf3 42. Kg2 Rf7 43. Ree2 Rdf8 44. Reb2 Rf5 45. Rxb6+ Kxb6 46. Rb2+ Rb5 47. Rd2 Rf7 48. Rd8 a5 49. Rb8+ Rb7 50. Ra8 Rb4 51. Kg3 a4 52. Kf3 Kc5 53. Ke3 Rb3+ 54. Ke4 a3 55. Ke5 Kc4 56. Ra4+ Kc3 57. h4 Kb2 58. hxg5 hxg5 59. Kf5 a2 60. Kxg5 a1=Q 61. Rxa1 Kxa1 62. Kf6 Re3 63. Kg6 c5 64. Kg5 c4 0-1


[Site "https://www.chess.com"]

[Event "Early Titled Tuesday Blitz | February 8 2022"]
[White "Fries-Nielsen, Jens Ove"]
[Black "Zhigalko, Sergei"]
[WhiteFideId "1400142"]
[BlackFideId "13502956"]
[WhiteElo "2599"]
[BlackElo "2662"]
[Result "0-1"]
[Round "02"]
[TimeControl "180+1"]
[Date "2022.02.08"]
[WhiteClock "0:00:44"]
[BlackClock "0:00:05"]

1. d4 Nf6 2. e3 e6 3. Nc3 d5 4. g4 Bb4 5. Bd3 c5 6. a3 Bxc3+ 7. bxc3 c4 8. Bf1 Ne4 9. Bd2 Qh4 10. Qf3 O-O 11. Ne2 f5 12. g5 Nxg5 13. Qg2 Ne4 14. Rg1 Rf7 15. Nf4 Nc6 16. Ke2 Nxd2 17. Kxd2 Bd7 18. f3 Re8 19. Be2 Ree7 20. Raf1 Rf6 21. Bd1 Rh6 22. Rf2 Be8 23. Qf1 Qf6 24. Rfg2 Kf8 25. Qf2 Nb8 26. Qg3 Nd7 27. e4 fxe4 28. fxe4 dxe4 29. Rf2 Rf7 30. Rgf1 Kg8 31. Be2 Qh4 32. Qg2 b5 33. Qxe4 Rhf6 34. Qe3 Qh6 35. Bg4 Nf8 36. d5 exd5 37. Qxe8 Rxf4 38. Rxf4 Rxf4 39. Ke1 Re4+ 0-1


[Site "https://www.chess.com"]

[Event "Early Titled Tuesday Blitz | February 8 2022"]
[White "Funderburg, John T"]
[Black "Ozates, Tuna"]
[WhiteFideId "2004992"]
[BlackFideId "6354521"]
[WhiteElo "2025"]
[BlackElo "1872"]
[Result "0-1"]
[Round "02"]
[TimeControl "180+1"]
[Date "2022.02.08"]
[WhiteClock "0:00:04"]
[BlackClock "0:00:50"]

1. e4 e5 2. Nf3 Nc6 3. Bc4 Bc5 4. b4 Bxb4 5. c3 Bd6 6. d4 Nf6 7. O-O Qe7 8. Re1 O-O 9. a4 h6 10. Nbd2 b6 11. Nf1 exd4 12. cxd4 Nxe4 13. Qc2 Nb4 14. Qxe4 Qxe4 15. Rxe4 Bb7 16. Re2 Rae8 17. Be3 Rd8 18. Rb1 Nd5 19. Ne5 Nc3 20. Rbe1 Nxe2+ 21. Rxe2 c5 22. Ng3 cxd4 23. Bxd4 Rc8 24. Bb3 Rc1+ 25. Nf1 Ba6 26. Rd2 Rxf1# 0-1


[Site "https://www.chess.com"]

[Event "Early Titled Tuesday Blitz | February 8 2022"]
[White "Gabdrakhmanov, Azat"]
[Black "Bacrot, Etienne"]
[WhiteFideId "34189197"]
[BlackFideId "605506"]
[WhiteElo "2279"]
[BlackElo "2673"]
[Result "0-1"]
[Round "02"]
[TimeControl "180+1"]
[Date "2022.02.08"]
[WhiteClock "0:00:04"]
[BlackClock "0:00:12"]

1. e4 c5 2. Nf3 d6 3. d4 cxd4 4. Nxd4 Nf6 5. Nc3 Nc6 6. Bg5 e6 7. Qd2 a6 8. f4 Bd7 9. O-O-O Be7 10. Nxc6 Bxc6 11. Bd3 Qa5 12. Kb1 h6 13. Bh4 b5 14. e5 b4 15. Ne2 dxe5 16. fxe5 Qxe5 17. Rhf1 a5 18. Rde1 Qc5 19. Nf4 g5 20. Nxe6 fxe6 21. Rxe6 gxh4 22. Rfxf6 Bd5 23. Re1 O-O-O 24. Ra6 Bb7 25. Rae6 Bg5 26. Qe2 Kb8 27. Ba6 Bd5 28. Re5 Rhf8 29. Bd3 Bf6 30. Rf5 Qd4 31. c3 Qxd3+ 32. Qxd3 Bxa2+ 33. Kc2 Bb3+ 34. Kd2 Bg5+ 35. Rxg5 Rxd3+ 36. Kxd3 hxg5 37. cxb4 a4 38. Re4 Rf2 39. Rg4 Rxb2 40. Kc3 Rc2+ 41. Kd4 a3 42. Kd3 a2 0-1


[Site "https://www.chess.com"]

[Event "Early Titled Tuesday Blitz | February 8 2022"]
[White "Gaehwiler, Gabriel"]
[Black "Carre, Sylvain"]
[WhiteFideId "1314530"]
[BlackFideId "642118"]
[WhiteElo "2383"]
[BlackElo "2105"]
[Result "1-0"]
[Round "02"]
[TimeControl "180+1"]
[Date "2022.02.08"]
[WhiteClock "0:01:27"]
[BlackClock "0:00:08"]

1. Nf3 d5 2. c4 d4 3. g3 Nc6 4. d3 e5 5. Bg2 Bb4+ 6. Nfd2 a5 7. O-O Nf6 8. b3 O-O 9. a3 Be7 10. Bb2 Re8 11. Qc2 Bf8 12. Ne4 Nxe4 13. Bxe4 Bh3 14. Rc1 f5 15. Bd5+ Kh8 16. Nd2 Rb8 17. Re1 Ne7 18. Bg2 Bxg2 19. Kxg2 Ng6 20. h4 c5 21. Rh1 Qd6 22. f3 Qc6 23. Rag1 Ne7 24. Kf2 Ng8 25. g4 fxg4 26. Rxg4 Nf6 27. Rg5 h6 28. Rg2 Nh5 29. Ne4 Nf4 30. Rg4 Be7 31. Bc1 Rf8 32. Bxf4 Rxf4 33. Rxf4 exf4 34. Qd2 Qc7 35. h5 Rf8 36. Kf1 b6 37. Qe1 Qe5 38. Qf2 Rf5 39. Qh2 Bg5 40. Qh3 Kh7 41. Qg4 Kh8 42. Rg1 Kh7 43. Ke1 Kh8 44. Kd1 Kh7 45. Rg2 Kh8 46. Kc2 Kh7 47. Qh3 Kh8 48. Qh1 Kh7 49. Qb1 Qb8 50. b4 axb4 51. axb4 Qa7 52. Kb3 Rf8 53. Qa2 Qxa2+ 54. Kxa2 cxb4 55. Kb3 Be7 56. Rg6 Rf5 57. Rxb6 Rxh5 58. Rb7 Bg5 59. c5 Rh1 60. Kb2 Re1 61. c6 Rxe2+ 62. Kb3 Re1 63. Kxb4 Rc1 64. Kb5 Kg6 65. c7 h5 66. Nc5 Be7 67. Rb6+ Kg5 68. Rc6 Rxc5+ 69. Rxc5+ Bxc5 70. Kxc5 Kh4 71. c8=Q Kg3 72. Kxd4 h4 73. Ke4 h3 74. Qg4+ Kh2 75. Qxf4+ Kh1 76. Qg5 h2 77. Qc1+ Kg2 78. d4 g5 79. d5 h1=Q 80. Qxh1+ Kxh1 81. d6 g4 82. fxg4 1-0


[Site "https://www.chess.com"]

[Event "Early Titled Tuesday Blitz | February 8 2022"]
[White "Garcia Martin, Marta"]
[Black "Vusatiuk, Vladimir"]
[WhiteFideId "32084030"]
[BlackFideId "14118610"]
[WhiteElo "2102"]
[BlackElo "2157"]
[Result "1-0"]
[Round "02"]
[TimeControl "180+1"]
[Date "2022.02.08"]
[WhiteClock "0:00:21"]
[BlackClock "0:00:02"]

1. Nf3 Nf6 2. e3 d5 3. b3 g6 4. Bb2 Bg7 5. c4 c6 6. Be2 O-O 7. O-O Bf5 8. Nd4 Bc8 9. Nc3 e5 10. Nf3 Re8 11. d4 exd4 12. Nxd4 dxc4 13. Bxc4 Nbd7 14. Be2 Nc5 15. Qc2 Ne6 16. Rad1 Nxd4 17. Rxd4 Bf5 18. Rxd8 Bxc2 19. Rd2 Bf5 20. Rfd1 h5 21. h3 a5 22. Bf3 Ne4 23. Nxe4 Bxe4 24. Bxe4 Rxe4 25. Bxg7 Kxg7 26. Rd7 b5 27. Rc7 Re6 28. Rdd7 Rf6 29. Ra7 Rxa7 30. Rxa7 a4 31. bxa4 b4 32. Rb7 c5 33. a5 Ra6 34. Rb5 c4 35. Rxb4 Rxa5 36. Rxc4 Rxa2 37. h4 Kf6 38. g3 Ke6 39. Kg2 Kf6 40. Kf3 Ra5 41. Rf4+ Kg7 42. Rb4 Rf5+ 43. Ke2 Ra5 44. e4 Ra3 45. Rb6 Rb3 46. Rxb3 Kf6 47. Ke3 Ke5 48. f4+ 1-0


[Site "https://www.chess.com"]

[Event "Early Titled Tuesday Blitz | February 8 2022"]
[White "Garriga Cazorla, Pere"]
[Black "Hakobyan, Aram"]
[WhiteFideId "32011601"]
[BlackFideId "13306677"]
[WhiteElo "2458"]
[BlackElo "2557"]
[Result "0-1"]
[Round "02"]
[TimeControl "180+1"]
[Date "2022.02.08"]
[WhiteClock "0:00:14"]
[BlackClock "0:00:10"]

1. d4 d5 2. c4 dxc4 3. e3 Nf6 4. Bxc4 e6 5. Nf3 c5 6. Bb3 Nc6 7. O-O Be7 8. Qe2 cxd4 9. Rd1 O-O 10. exd4 Bd7 11. Nc3 Nb4 12. Bg5 Bc6 13. Ne5 Bd5 14. Nxd5 Nbxd5 15. Rac1 Rc8 16. Qf3 Rxc1 17. Rxc1 h6 18. Bxf6 Bxf6 19. Bxd5 exd5 20. g3 Re8 21. Re1 Qa5 22. Re2 Qxa2 23. Kg2 Bxe5 24. dxe5 Qc4 25. b3 Qd4 26. Qf5 g6 27. Qf6 Re6 28. Qd8+ Kg7 29. Qc7 Qb6 30. Qc3 d4 31. Qd3 Rc6 32. Qe4 Qxb3 33. Qxd4 Qc4 34. Qe3 Qd5+ 35. Kh3 a5 36. f4 Qe6+ 37. Kg2 a4 38. Rf2 Qd5+ 39. Kh3 Qc5 40. Qf3 a3 41. f5 Qxe5 42. Qxa3 gxf5 43. Qf3 Rf6 44. Qxb7 f4 45. gxf4 Qh5+ 46. Kg2 Rg6+ 47. Kf1 Qd1# 0-1


[Site "https://www.chess.com"]